 Dungeon Crawl Stone Soup version 0.16-a0-3314-g628a0c2 (webtiles) character file.

106 stonewall the Stinger (level 4, -8/30 HPs)
             Began as a Mummy Venom Mage on Dec 26, 2014.
             Was a Follower of Trog.
             Killed from afar by an orc wizard (13 damage)
             ... with a puff of flame
             ... on level 2 of the Dungeon.
             The game lasted 00:04:24 (3802 turns).

stonewall the Stinger (Mummy Venom Mage)            Turns: 3802, Time: 00:04:25

Health: -8/30      AC:  2    Str: 11    XL:     4   Next: 55%
Magic:  8/8        EV: 11    Int: 14    God:    Trog [*.....]
Gold:   92         SH:  3    Dex: 16    Spells: 1 memorised, 7 levels left

rFire  x . .     SeeInvis .     j - +3 short sword
rCold  + . .     Clarity  .     a - +0 robe
rNeg   + + +     SustAb   .     e - +0 buckler
rPois  ∞         Gourm    .     (no helmet)
rElec  .         Spirit   .     (no cloak)
rCorr  .         Warding  .     (no gloves)
rMut   .         Stasis   .     (no boots)
MR     .....                    (no amulet)
Stlth  ++........               (no ring)
                                k - +3 ring of dexterity

@: not resistant to hostile enchantments, unstealthy
A: no food or potions, fire vulnerability, restore body, cold resistance 1,
negative energy resistance 3, poison resistance, torment resistance, unbreathing
a: Burn Spellbooks, Renounce Religion


You were on level 2 of the Dungeon.
You worshipped Trog.
Trog was aware of your devotion.
You were not hungry.

You visited 1 branch of the dungeon, and saw 3 of its levels.

You collected 92 gold pieces.

Inventory:

Hand weapons
 i - a +0 hand axe
 j - a +3 short sword (weapon)
Armour
 a - a +0 robe (worn)
 e - a +0 buckler (worn)
Jewellery
 k - a +3 ring of dexterity (left hand)
Scrolls
 c - 2 scrolls of magic mapping {unknown}
 d - a scroll of remove curse {unknown}
 f - 3 scrolls of identify {unknown}
 g - 3 scrolls of enchant armour {unknown}
 h - a scroll of recharging {unknown}
 l - a scroll of random uselessness {unknown}
 m - a scroll of blinking {unknown}
 n - a scroll of teleportation {unknown}
 o - 2 scrolls of noise {unknown}
Books
 b - a Young Poisoner's Handbook

   Spells                             Type                      Level
   a - Sting                          Conjuration/Poison           1
   b - Cure Poison                    Poison                       2
   c - Mephitic Cloud                 Conjuration/Poison/Air       3
   d - Olgreb's Toxic Radiance        Poison                       4
   e - Venom Bolt                     Conjuration/Poison           5
   Trog disapproves of the use of such an item.


   Skills:
 + Level 2.3 Short Blades
 - Level 1.5 Dodging
 - Level 1.5 Stealth
 - Level 2.7 Spellcasting
 - Level 3.7 Poison Magic


You had 7 spell levels left.
You knew the following spells:

 Your Spells              Type           Power        Failure   Level  Hunger
a - Sting                 Conj/Pois      #...         14%         1    N/A

Dungeon Overview and Level Annotations

Branches:
Dungeon (3/15)

Altars:
Ashenzari
Okawaru
Trog


Innate Abilities, Weirdness & Mutations

You do not eat or drink.
Your flesh is vulnerable to fire.
Your flesh is cold resistant.
You are immune to negative energy.
Your system is resistant to poisons.
You are immune to unholy pain and torment.
You can survive without breathing.


Message History

The stone hits you but does no damage.
You climb upwards.
There is a stone staircase leading down here.
You closely miss something. Something hits you but does no damage.
You closely miss something. Something hits you.
You miss something.
You hear some strange, mumbled words.
The magic dart hits you!
* * * LOW HITPOINT WARNING * * *
You miss something.
You hear some strange, mumbled words.
The magic dart hits you!
* * * LOW HITPOINT WARNING * * *
You hit something but do no damage. Something hits you but does no damage.
You barely miss something. Something hits you but does no damage.
You closely miss something. Something hits you but does no damage.
You miss something.
You hear some strange, mumbled words.
The puff of flame hits you! The fire burns you terribly!
You die...

#.# #.####...+_' #.#
#.# #.###+# #.#
#.####.# #.# #.#
#......###.# #<#
#...##...... #.#
###.####)#.. #.###
#.## #.... #.{.#
#..###.#.. ###.@.###
#......... #.......#
#..#####..
#......!####..#.).#..
#.......##....#...#..
###...####.###....#.#
#...###...⌠..#'##.⌠
##.##....#.........
#.##.#####.......#
#.##.....#.......#


There were no monsters in sight!

Vanquished Creatures
  3 adders (D:2)
  A worm (D:2)
  2 giant geckos (D:1)
  2 oozes (D:1)
  2 orcs (D:3)
  4 ball pythons
  7 bats
  11 goblins
  7 hobgoblins
  2 quokkas (D:2)
  5 giant cockroaches
  4 giant newts
  2 jackals (D:2)
  3 kobolds (D:1)
  10 rats
65 creatures vanquished.

Notes
Turn   | Place    | Note
--------------------------------------------------------------
     0 | D:1      | stonewall, the Mummy Venom Mage, began the quest for the Orb.
     0 | D:1      | Reached XP level 1. HP: 13/13 MP: 3/3
   997 | D:1      | Reached XP level 2. HP: 11/19 MP: 4/4
  1637 | D:1      | Reached XP level 3. HP: 22/24 MP: 6/6
  2042 | D:2      | Found a bloodstained altar of Trog.
  2064 | D:2      | Became a worshipper of Trog the Wrathful
  2285 | D:2      | Found an iron altar of Okawaru.
  2288 | D:2      | Reached skill level 1 in Short Blades
  2295 | D:2      | HP: 1/24 [worm (7)]
  2643 | D:2      | Acquired Trog's first power
  2679 | D:2      | Found a shattered altar of Ashenzari.
  2841 | D:2      | Reached XP level 4. HP: 23/30 MP: 8/8
  3802 | D:2      | Killed from afar by an orc wizard

Action                   |  1- 3 |  4- 6 || total
-------------------------+-------+-------++-------
Melee: Unarmed           |    13 |       ||    13
       Hand axe          |    17 |       ||    17
       Short sword       |   110 |    63 ||   173
 Cast: Sting             |    19 |       ||    19
 Stab: Sleeping          |     2 |     2 ||     4
       Distracted        |     1 |     1 ||     2
